[Event "Late-Titled-Tuesday-Blitz-August-29-2023"]
[Site "Chess.com"]
[Date "2023.08.29"]
[Round "1"]
[White "krucki03"]
[Black "sofaceindisguise"]
[Result "1-0"]
[WhiteElo "2410"]
[BlackElo "2677"]
[TimeControl "180+1"]
[EndTime "14:10:39 PDT"]
[Termination "krucki03 won on time"]

1. d4 Nf6 2. Nf3 d5 3. Bf4 e6 4. e3 Be7 5. Nbd2 c5 6. c3 Nc6 7. Bd3 Nh5 8. Bg3 O-O 9. O-O Nxg3 10. hxg3 Qc7 11. Qe2 h6 12. dxc5 Bxc5 13. e4 Bd7 14.
Nb3 Bb6 15. exd5 exd5 16. Nfd4 Nxd4 17. Nxd4 Rfe8 18. Qf3 Bxd4 19. cxd4 Qb6 20. Qxd5 Be6 21. Qe4 g6 22. d5 Bf5 23. Qf3 Bxd3 24. Qxd3 Rad8 25.
b3 Re5 26. Rad1 Qc5 27. d6 Re6 28. d7 Re7 29. Rc1 Qf5 30. Qxf5 gxf5 31. Rc5 Rdxd7 32. Rxf5 Rd2 33. Ra5 a6 34. Ra4 Ree2 35. Rb4 b5 36. a4 bxa4 37. Rxa4 Rb2 38. Rxa6 Kg7 39. Rb6 Red2 40. Rb8 Rd3 41. Re1 Rdd2 42. Rf1 Rd3 43. Rb4 Rbxb3 44. Rxb3 Rxb3 45. g4 Rb4 46. f3 Rb2 47. Ra1 Rc2 48. Kh2 Rb2 49. Kh3 Rc2 50. Rb1 Ra2 51. Rb6 Ra1 52. Kg3 Ra3 53. Kh4 Ra2 54. Kg3 Ra3 55. Rc6 Rb3 56. Rc2 Ra3 57. Re2 Rb3 58. Kf4 Rb4+ 59. Re4 Rb2 60. g3 Rb3 61. Ra4 Rc3 62. Re4 Rb3 63. Re3 Rb4+ 64. Kf5 Rb5+ 65. Ke4 Rb1 66. Ra3 Re1+ 67. Kf4 Rb1 68.
Ra4 Rb3 69. Rd4 Ra3 70. Rb4 Rc3 71. Rb1 Ra3 72. Re1 Rb3 73. Rg1 Rb4+ 74. Ke3 Rb3+ 75.
Kf2 Rb2+ 76. Kf1 Kf6 77. Rg2 Rb3 78. f4 Kg6 79. Kg1 h5 80. g5 Kf5 81. Kh2 Kg4 82. Rg1 Rf3 83. Rg2 Rf1 84. Rg1 Rf3 85. Rg2 Rb3 86. Rg1 Kf3 87. f5 Kg4 88. g6 f6 89. Rf1 Rb2+ 90. Kg1 Kxg3 91. Rc1 Kf4 92. g7 Rb8 93. Rf1+ Ke5 94. Kh2 Rg8 95. Rg1 Kxf5 96.
Kh3 Ke6 97. Kh4 Kf7 98. Kxh5 Re8 99. Kh6 Rg8 100. Kh7 f5 101. Rg5 Rxg7+ 102. Rxg7+ Kf6 103. Kh6 f4 104. Rg8 Kf5 105. Kh5 f3 106. Rf8+ Ke4 107. Kg4 f2 108. Rxf2 1-0

[Event "Late-Titled-Tuesday-Blitz-August-29-2023"]
[Site "Chess.com"]
[Date "2023.08.29"]
[Round "2"]
[White "jup1978"]
[Black "KVAIDAN"]
[Result "1-0"]
[WhiteElo "2503"]
[BlackElo "2313"]
[TimeControl "180+1"]
[EndTime "14:12:34 PDT"]
[Termination "jup1978 won by resignation"]

1. e4 e5 2. Nf3 d5 3. Nxe5 Bd6 4. d4 dxe4 5. Nc4 Nf6 6. Be2 Nc6 7. Nxd6+ Qxd6 8. Be3 Nd5 9. O-O f5 10. c4 Nxe3 11.
fxe3 O-O 12. Nc3 Qh6 13. Qd2 Be6 14. d5 Rad8 15. Qc1 Ne5 16. dxe6 c6 17. e7 1-0

[Event "Late-Titled-Tuesday-Blitz-August-29-2023"]
[Site "Chess.com"]
[Date "2023.08.29"]
[Round "2"]
[White "Msb2"]
[Black "oskariot"]
[Result "1-0"]
[WhiteElo "3022"]
[BlackElo "2651"]
[TimeControl "180+1"]
[EndTime "14:14:05 PDT"]
[Termination "Msb2 won by resignation"]

1. d4 Nf6 2. c4 c5 3. d5 g6 4. Nc3 Bg7 5. e4 d6 6. h3 O-O 7. Nf3 e6 8. Bd3 Na6 9. Be3 exd5 10. cxd5 Nc7 11. a4 b6 12. O-O Re8 13. Nd2 Rb8 14. Bg5 h6 15. Bh4 Qd7 16. f4 Nh7 17. Qf3 Ba6 18.
Bxa6 Nxa6 19. Nc4 Bd4+ 20. Kh1 Nb4 21. e5 dxe5 22. fxe5 Bxc3 23. bxc3 Nxd5 24. Rad1 Rbd8 25. Bxd8 Rxd8 26. Ne3 1-0

[Event "Late-Titled-Tuesday-Blitz-August-29-2023"]
[Site "Chess.com"]
[Date "2023.08.29"]
[Round "2"]
[White "Elsa167"]
[Black "betta2004"]
[Result "1-0"]
[WhiteElo "2877"]
[BlackElo "2555"]
[TimeControl "180+1"]
[EndTime "14:14:07 PDT"]
[Termination "Elsa167 won by resignation"]

1. d4 Nf6 2. c4 c5 3. d5 a6 4. a4 d6 5. Nc3 g6 6. e4 Bg7 7. f3 O-O 8. Bg5 e6 9. Qd2 exd5 10. cxd5 Nbd7 11. Nh3 Rb8 12. Nf2 Re8 13. Be2 Qc7 14. O-O h5 15. Kh1 Nh7 16. Bh6 Bxh6 17. Qxh6 Ne5 18.
f4 Ng4 19. Bxg4 Bxg4 20. f5 gxf5 21. h3 fxe4 22. hxg4 e3 23. Nfe4 Qe7 24. Rae1 Qh4+ 25. Kg1 Qxg4 26. Rxe3 Qg7 27. Rg3 Qxg3 28. Nxg3 Re5 29.
Nxh5 1-0

[Event "Late-Titled-Tuesday-Blitz-August-29-2023"]
[Site "Chess.com"]
[Date "2023.08.29"]
[Round "2"]
[White "bascheyaro"]
[Black "Zq1"]
[Result "1-0"]
[WhiteElo "2808"]
[BlackElo "2532"]
[TimeControl "180+1"]
[EndTime "14:14:27 PDT"]
[Termination "bascheyaro won by checkmate"]

1. d4 d5 2. Bf4 e6 3. e3 c5 4.
Nf3 Nc6 5. a3 Bd6 6. dxc5 Bxf4 7. exf4 Qa5+ 8. Nbd2 Qxc5 9. Bd3 Nf6 10. O-O O-O 11.
b4 Qd6 12. g3 b6 13. Re1 Bb7 14. Ne5 Rac8 15. Ndf3 Rfd8 16. Qe2 Ne7 17. Ng5 Rf8 18.
Nexf7 Rxf7 19. Qxe6 Qxe6 20. Rxe6 h6 21. Nxf7 Kxf7 22.
Rae1 Nc6 23. b5 Nd8 24. Re7+ Kf8 25. Bg6 Ne4 26. Re8# 1-0

[Event "Late-Titled-Tuesday-Blitz-August-29-2023"]
[Site "Chess.com"]
[Date "2023.08.29"]
[Round "2"]
[White "miraitrunks"]
[Black "Andrei_Skvortsov"]
[Result "1-0"]
[WhiteElo "2030"]
[BlackElo "2666"]
[TimeControl "180+1"]
[EndTime "14:14:43 PDT"]
[Termination "miraitrunks won by resignation"]

1. e4 c5 2. Nf3 d6 3. d4 cxd4 4.
Nxd4 Nf6 5. Nc3 g6 6. Be3 Bg7 7. Bc4 O-O 8. f3 a6 9. Bb3 Nc6 10. Qd2 Nxd4 11. Bxd4 Be6 12. O-O-O b5 13. g4 Bxb3 14.
axb3 b4 15. Nd5 Qa5 16. Kb1 Nxd5 17. Bxg7 Kxg7 18. Qxd5 Qxd5 19. Rxd5 Rfc8 20. Rhd1 a5 21. e5 dxe5 22. Rxe5 e6 23. Rd7 Rd8 24. Rb7 a4 25. bxa4 Rxa4 26. b3 Ra6 27. Rxb4 Rd1+ 28. Kb2 Rd2 29. h4 Rc6 30. Rc4 Rxc4 31. bxc4 Rf2 32.
Re3 Rh2 33. c5 Kf8 34. c6 Ke7 35. Rd3 1-0

[Event "Late-Titled-Tuesday-Blitz-August-29-2023"]
[Site "Chess.com"]
[Date "2023.08.29"]
[Round "2"]
[White "dropstoneDP"]
[Black "eldur16"]
[Result "1-0"]
[WhiteElo "2974"]
[BlackElo "2622"]
[TimeControl "180+1"]
[EndTime "14:14:47 PDT"]
[Termination "dropstoneDP won by resignation"]

1. d4 Nf6 2. c4 g6 3. f3 Bg7 4.
e4 d6 5. Nc3 O-O 6. Be3 e5 7.
d5 c6 8. Qd2 cxd5 9. cxd5 Nh5 10. Bd3 f5 11. Nge2 Na6 12. O-O-O Nc5 13. Bc2 a5 14. Kb1 Bd7 15. exf5 gxf5 16. Ng3 Qe8 17.
Nxh5 Qxh5 18. h3 Rfc8 19. g4 Qf7 20. Rhg1 Kh8 21. Qg2 e4 22. gxf5 exf3 23. Qxf3 Be5 24. Bd4 Bxd4 25. Rxd4 Qf6 26. Rdg4 Re8 27. Rg7 Re5 28.
Rxh7+ Kxh7 29. Qh5+ Qh6 30. f6+ Bf5 31. Rg7+ 1-0

[Event "Late-Titled-Tuesday-Blitz-August-29-2023"]
[Site "Chess.com"]
[Date "2023.08.29"]
[Round "2"]
[White "gshwbedhkhd"]
[Black "vladislavkovalev"]
[Result "0-1"]
[WhiteElo "2579"]
[BlackElo "2911"]
[TimeControl "180+1"]
[EndTime "14:14:52 PDT"]
[Termination "vladislavkovalev won by resignation"]

1. e4 e5 2. Nf3 Nc6 3. Nc3 Nf6 4. a3 d5 5. Bb5 Nxe4 6. Qe2 Qd6 7.
Nxe4 dxe4 8. Qxe4 Bd7 9. d4 O-O-O 10. dxe5 Nxe5 11. Bxd7+ Qxd7 12. O-O Nxf3+ 13. Qxf3 Qd5 14. Qxd5 Rxd5 15. Be3 Bc5 16. Bxc5 Rxc5 17. c3 Rd8 18.
Rfd1 Rcd5 19. Re1 Rd2 20. Rab1 Rc2 21. Re7 Rxb2 22. Rbe1 Rf8 23. h4 Rb3 24. R1e3 Rxa3 25. Rf3 a5 26. Rfxf7 Rxf7 27. Rxf7 Rxc3 28. Rxg7 a4 29.
Rxh7 b5 30. g4 a3 31. Rh8+ Kb7 32. h5 a2 0-1

[Event "Late-Titled-Tuesday-Blitz-August-29-2023"]
[Site "Chess.com"]
[Date "2023.08.29"]
[Round "2"]
[White "maciek_92"]
[Black "Kostukov_Alex"]
[Result "1-0"]
[WhiteElo "2724"]
[BlackElo "2401"]
[TimeControl "180+1"]
[EndTime "14:15:02 PDT"]
[Termination "maciek_92 won by resignation"]

1. Nf3 c5 2. b3 Nf6 3. Bb2 g6 4. g3 Bg7 5. Bg2 O-O 6. O-O Nc6 7. e3 d6 8. d4 Ne4 9. c4 Bg4 10. Nbd2 Nxd2 11. Qxd2 Qb6 12. Rad1 Rfd8 13. h3 Bxf3 14. Bxf3 e5 15. dxc5 dxc5 16. Bd5 Nb4 17. Bc3 Nxd5 18. cxd5 e4 19. Ba5 Qd6 20. Bxd8 Rxd8 21. Qc2 f5 22.
Rc1 b6 23. Rfd1 Be5 24. Kg2 g5 25. b4 Rc8 26. bxc5 Rxc5 27. Qa4 Rxd5 28. Qc4 1-0

[Event "Late-Titled-Tuesday-Blitz-August-29-2023"]
[Site "Chess.com"]
[Date "2023.08.29"]
[Round "2"]
[White "Aygehovit1992"]
[Black "Sajkochess"]
[Result "1-0"]
[WhiteElo "2734"]
[BlackElo "2415"]
[TimeControl "180+1"]
[EndTime "14:15:16 PDT"]
[Termination "Aygehovit1992 won by resignation"]

1. e4 c6 2. Nc3 d5 3. Nf3 Bg4 4. h3 Bxf3 5. Qxf3 e6 6. d4 Nd7 7. Bd3 dxe4 8. Nxe4 Ngf6 9. c3 Nxe4 10. Qxe4 Nf6 11. Qe2 Bd6 12. f4 Nd5 13. O-O Qh4 14. Qf2 Qxf2+ 15. Rxf2 b5 16. f5 exf5 17. Rxf5 g6 18.
Bxb5 gxf5 19. Bxc6+ Ke7 20. Bxd5 Rab8 21. Bg5+ Kd7 22.
b3 Rhe8 23. Rf1 f4 24. Bxf4 Re2 25. Bc4 Rxa2 26. Bxd6 Kxd6 27. Rf6+ Ke7 28. Rxf7+ Ke8 29. Rxh7 Rb6 30. h4 Rg6 31. Bf7+ 1-0

[Event "Late-Titled-Tuesday-Blitz-August-29-2023"]
[Site "Chess.com"]
[Date "2023.08.29"]
[Round "2"]
[White "Real_taiatai"]
[Black "Aleksandar-Topalov"]
[Result "1-0"]
[WhiteElo "2523"]
[BlackElo "2365"]
[TimeControl "180+1"]
[EndTime "14:15:19 PDT"]
[Termination "Real_taiatai won by resignation"]

1. d4 e6 2. Nf3 f5 3. Bg5 Nf6 4. Nbd2 Be7 5. e3 O-O 6. Bd3 d5 7. Ne5 c6 8. Qe2 Bd7 9. O-O-O Be8 10. f3 Nbd7 11. Nxd7 Qxd7 12. c3 b5 13. g4 fxg4 14. fxg4 b4 15. c4 c5 16. dxc5 Bxc5 17. Kb1 Bg6 18.
cxd5 Bxd3+ 19. Qxd3 exd5 20. Nb3 Bb6 21. h3 Rae8 22. Rhf1 Ne4 23. Rxf8+ Rxf8 24. Qxe4 1-0

[Event "Late-Titled-Tuesday-Blitz-August-29-2023"]
[Site "Chess.com"]
[Date "2023.08.29"]
[Round "2"]
[White "Njal28"]
[Black "ExchangeAB"]
[Result "1-0"]
[WhiteElo "3015"]
[BlackElo "2422"]
[TimeControl "180+1"]
[EndTime "14:15:22 PDT"]
[Termination "Njal28 won by resignation"]

1. Nf3 c6 2. g3 d5 3. Bg2 Nf6 4. O-O Bf5 5. d3 h6 6. c4 e6 7. Qb3 Qb6 8. Be3 Qxb3 9. axb3 Na6 10. Nd4 Bg6 11. Nxc6 Kd7 12. Ne5+ Kd6 13. Nxg6 fxg6 14. Nc3 Be7 15. Bf4+ e5 16. Bd2 Nc7 17. Rfc1 a6 18. Na4 Rab8 19. Bb4+ Ke6 20. Ba5 Na8 21. cxd5+ Nxd5 22. Nc5+ Bxc5 23. Rxc5 Nab6 24. e4 1-0

[Event "Late-Titled-Tuesday-Blitz-August-29-2023"]
[Site "Chess.com"]
[Date "2023.08.29"]
[Round "2"]
[White "nihalsarin"]
[Black "IgorBjelobrk"]
[Result "1-0"]
[WhiteElo "3121"]
[BlackElo "2676"]
[TimeControl "180+1"]
[EndTime "14:15:27 PDT"]
[Termination "nihalsarin won by resignation"]

1. Nf3 c5 2. b3 Nc6 3. Bb2 d6 4. d4 cxd4 5. Nxd4 Bd7 6. e3 Nf6 7. Be2 e6 8. O-O a6 9. c4 Be7 10. Nc3 O-O 11. Bf3 Rb8 12. h3 Ne5 13. Be2 Qa5 14.
Qd2 Rfc8 15. Rfd1 Qc7 16. Rac1 h6 17. Nf3 Ng6 18. Bd3 Nf8 19. Ne4 N8h7 20. Nxf6+ Nxf6 21. Bb1 Ne8 22. Qd3 g6 23. c5 Bb5 24. Qc3 Bf6 25.
Qd2 Bxb2 26. Qxb2 dxc5 27. a4 Bd7 28. Ne5 Rd8 29. Bxg6 fxg6 30. Nxg6 Kh7 31. Nf8+ Kg8 32. Ng6 Kh7 33. Nf4 Ng7 34. Qc2+ Kg8 35. Qg6 Be8 36. Qxh6 Qf7 37. Rxd8 Rxd8 38. Rxc5 Rd7 39. Rg5 Rc7 40. Nxe6 1-0

[Event "Late-Titled-Tuesday-Blitz-August-29-2023"]
[Site "Chess.com"]
[Date "2023.08.29"]
[Round "2"]
[White "vladoboch"]
[Black "nassimzrikem"]
[Result "0-1"]
[WhiteElo "2426"]
[BlackElo "2148"]
[TimeControl "180+1"]
[EndTime "14:15:31 PDT"]
[Termination "nassimzrikem won by checkmate"]

1. e4 e5 2. Nf3 Nc6 3. Bc4 Nf6 4. d3 Be7 5. O-O O-O 6. Re1 d6 7. a4 Na5 8. Ba2 c5 9. c3 a6 10. Bd2 Be6 11. Bxe6 fxe6 12. Na3 Kh8 13. b4 cxb4 14. cxb4 Nc6 15. b5 Nd4 16. Nxd4 exd4 17. Nc4 d5 18.
exd5 exd5 19. Ne5 Bd6 20. Qb3 Qb8 21. Nf3 Ng4 22. h3 Rxf3 23. hxg4 Bh2+ 24. Kf1 Rxf2+ 25.
Kxf2 Qg3+ 26. Ke2 Qxg4+ 27. Kf2 Rf8+ 28. Bf4 Rxf4# 0-1

[Event "Late-Titled-Tuesday-Blitz-August-29-2023"]
[Site "Chess.com"]
[Date "2023.08.29"]
[Round "2"]
[White "dosto07"]
[Black "ashookk"]
[Result "0-1"]
[WhiteElo "2495"]
[BlackElo "2366"]
[TimeControl "180+1"]
[EndTime "14:15:32 PDT"]
[Termination "ashookk won by resignation"]

1. e4 e6 2. d4 d5 3. Nd2 Be7 4. Bd3 c5 5. dxc5 Nf6 6. Qe2 Nc6 7. Ngf3 Nd7 8. Nb3 O-O 9. exd5 exd5 10. Be3 Re8 11. O-O-O Nxc5 12. Rhe1 Nxb3+ 13. axb3 Qa5 14. c3 Be6 15. Qc2 h6 16. Kb1 Rac8 17. b4 Nxb4 18. cxb4 Bxb4 19. Nd4 Rxc2 20. Nxc2 Bxe1 21. Rxe1 d4 22.
Bxd4 Ba2+ 0-1

[Event "Late-Titled-Tuesday-Blitz-August-29-2023"]
[Site "Chess.com"]
[Date "2023.08.29"]
[Round "2"]
[White "Duhless"]
[Black "Druid24"]
[Result "1-0"]
[WhiteElo "3026"]
[BlackElo "2652"]
[TimeControl "180+1"]
[EndTime "14:15:33 PDT"]
[Termination "Duhless won by resignation"]

1. Nf3 Nf6 2. g3 b6 3. Bg2 Bb7 4. O-O g6 5. d3 Bg7 6. e4 O-O 7.
Ng5 h6 8. Nh3 Nh7 9. f4 f5 10. Nf2 d6 11. d4 Nd7 12. e5 Bxg2 13. Kxg2 c5 14. c3 Re8 15. Nd2 Nhf8 16. Nf3 dxe5 17.
dxe5 Qc7 18. Qe2 Rad8 19. Be3 Kh7 20. Rad1 Ne6 21. h4 Qb7 22. Kh2 Nb8 23. h5 gxh5 24. Nh4 Nf8 25. Nxf5 e6 26. Nd6 Qe7 27. Qxh5 Nc6 28.
Nfe4 Rb8 29. Nxe8 Rxe8 30. Nf6+ Bxf6 31. exf6 1-0

[Event "Late-Titled-Tuesday-Blitz-August-29-2023"]
[Site "Chess.com"]
[Date "2023.08.29"]
[Round "2"]
[White "Meri-Arabidze"]
[Black "AryanTari"]
[Result "0-1"]
[WhiteElo "2600"]
[BlackElo "2932"]
[TimeControl "180+1"]
[EndTime "14:15:40 PDT"]
[Termination "AryanTari won by resignation"]

1. Nf3 c5 2. b3 g6 3. Bb2 Nf6 4. Bxf6 exf6 5. e3 Bg7 6. d4 f5 7. c3 O-O 8. Be2 d6 9. Nbd2 Nd7 10. O-O Nf6 11. h3 b6 12. Rc1 Bb7 13. Qc2 Rc8 14.
Qb1 Re8 15. Rfd1 f4 16. Nf1 fxe3 17. Nxe3 Bh6 18. dxc5 bxc5 19. c4 Rxe3 20. fxe3 Bxe3+ 21. Kh1 Ne4 22. Qb2 Qe7 23. Kh2 d5 24. cxd5 Qd6+ 25.
Ne5 Bf4+ 26. Kg1 Bxe5 27. Qc2 Bh2+ 28. Kf1 Qf4+ 29. Bf3 Ba6+ 0-1

[Event "Late-Titled-Tuesday-Blitz-August-29-2023"]
[Site "Chess.com"]
[Date "2023.08.29"]
[Round "2"]
[White "Ducke13"]
[Black "dorpato"]
[Result "1-0"]
[WhiteElo "2426"]
[BlackElo "2008"]
[TimeControl "180+1"]
[EndTime "14:15:40 PDT"]
[Termination "Ducke13 won by resignation"]

1. d4 Nf6 2. g3 g6 3. Bg2 d5 4.
Nf3 Bg7 5. c4 c6 6. cxd5 cxd5 7.
Nc3 b6 8. Ne5 Bb7 9. O-O O-O 10.
Bf4 Nc6 11. Rc1 Nxe5 12. Bxe5 Rc8 13. e3 Nh5 14. Bxg7 Nxg7 15. Qa4 a6 16. Rc2 b5 17. Qb3 e6 18. Rfc1 Nf5 19. a4 Bc6 20. axb5 Rb8 21. Bf1 Qe8 22. Ne4 Bxb5 23. Nf6+ Kh8 24. Nxe8 Rfxe8 25. Bxb5 Rxb5 26. Qa4 Ra8 27. Rc8+ 1-0

[Event "Late-Titled-Tuesday-Blitz-August-29-2023"]
[Site "Chess.com"]
[Date "2023.08.29"]
[Round "2"]
[White "dedpihto_v_kozhanom_palto"]
[Black "Dr_crypt"]
[Result "1-0"]
[WhiteElo "2699"]
[BlackElo "2317"]
[TimeControl "180+1"]
[EndTime "14:15:43 PDT"]
[Termination "dedpihto_v_kozhanom_palto won by resignation"]

1. e4 e5 2. Nf3 Nf6 3. Nxe5 d6 4. Nf3 Nxe4 5. d3 Nf6 6. Bg5 Be7 7. d4 Bg4 8. h3 Bh5 9. Bd3 Nbd7 10. Nbd2 c6 11. O-O O-O 12. c4 Re8 13. Qc2 Bg6 14. Rfe1 Qc7 15. Nh4 Bf8 16. Nxg6 hxg6 17. Bf4 Qa5 18. Nf3 Rxe1+ 19. Nxe1 Re8 20. Nf3 d5 21. c5 b6 22. cxb6 Qxb6 23. Rc1 c5 24. Qa4 c4 25. Bc2 Qxb2 26. Rb1 Qc3 27. Bd2 Nb6 28. Bxc3 Nxa4 29.
Bxa4 Re2 30. Rb8 1-0

[Event "Late-Titled-Tuesday-Blitz-August-29-2023"]
[Site "Chess.com"]
[Date "2023.08.29"]
[Round "2"]
[White "MusicCityMaster"]
[Black "ferrufino64"]
[Result "1-0"]
[WhiteElo "2443"]
[BlackElo "2139"]
[TimeControl "180+1"]
[EndTime "14:15:43 PDT"]
[Termination "MusicCityMaster won by resignation"]

1. e4 c5 2. Nf3 d6 3. d4 cxd4 4.
Nxd4 Nf6 5. Nc3 g6 6. Bg5 Bg7 7.
Bb5+ Bd7 8. Qe2 h6 9. Bh4 Nc6 10. O-O-O Rc8 11. Bxc6 bxc6 12. e5 dxe5 13. Nf3 e4 14.
Nxe4 O-O 15. Bxf6 exf6 16. Nc5 Rc7 17. Qd3 f5 18. Nxd7 Re8 19. Nc5 Qb8 20. Qb3 Qc8 21. Rhe1 Rce7 22. Rxe7 Rxe7 23. Qd3 Kh7 24. Qd8 1-0

[Event "Late-Titled-Tuesday-Blitz-August-29-2023"]
[Site "Chess.com"]
[Date "2023.08.29"]
[Round "2"]
[White "Mbneu"]
[Black "leschebaza"]
[Result "1-0"]
[WhiteElo "2261"]
[BlackElo "2443"]
[TimeControl "180+1"]
[EndTime "14:15:44 PDT"]
[Termination "Mbneu won by resignation"]

1. d4 Nf6 2. c4 g6 3. Nc3 Bg7 4. e4 d6 5. f4 c5 6. d5 O-O 7. Nf3 e6 8. Be2 exd5 9. cxd5 b5 10. e5 dxe5 11. fxe5 Ng4 12. Bg5 Qa5 13. O-O Nxe5 14.
Nxe5 Bxe5 15. Be7 Re8 16. d6 Nc6 17. Qd5 Be6 18. Qxc6 b4 19. Nd5 Rec8 20. Nc7 b3 21.
axb3 Qd2 22. Bc4 Qd4+ 23. Kh1 Qh4 24. Bxh4 1-0

[Event "Late-Titled-Tuesday-Blitz-August-29-2023"]
[Site "Chess.com"]
[Date "2023.08.29"]
[Round "2"]
[White "robertoalejandro10"]
[Black "Witik"]
[Result "0-1"]
[WhiteElo "2531"]
[BlackElo "2791"]
[TimeControl "180+1"]
[EndTime "14:15:45 PDT"]
[Termination "Witik won by resignation"]

1. Nf3 Nf6 2. b3 c5 3. Bb2 Nc6 4. c4 d5 5. cxd5 Nxd5 6. g3 f6 7. d4 cxd4 8. Nxd4 Nxd4 9. Qxd4 e5 10. Qc4 Bb4+ 11. Nc3 Qa5 12. Rc1 Be6 13. Bg2 Rc8 14. Bxd5 Rxc4 15. Bxc4 Bxc4 16. bxc4 Qxa2 17. Ba1 Qxc4 18.
O-O O-O 19. Rfd1 Bxc3 20. Rxc3 Qxe2 21. Rdc1 h5 22. Rc7 Rf7 23. Rc8+ Kh7 24. h4 Rd7 25. Kg2 Rd1 0-1

[Event "Late-Titled-Tuesday-Blitz-August-29-2023"]
[Site "Chess.com"]
[Date "2023.08.29"]
[Round "2"]
[White "Orest_Vovk"]
[Black "MITerryble"]
[Result "0-1"]
[WhiteElo "2587"]
[BlackElo "2923"]
[TimeControl "180+1"]
[EndTime "14:15:46 PDT"]
[Termination "MITerryble won by resignation"]

1. e4 e6 2. Nc3 d5 3. Qe2 d4 4. Nd1 e5 5. f4 exf4 6. d3 Nc6 7.
Bxf4 Bd6 8. Bxd6 Qxd6 9. Nf3 Nge7 10. g3 Bg4 11. Bg2 h5 12. O-O h4 13. Nf2 Bxf3 14. Qxf3 Ne5 15. Qe2 hxg3 16. hxg3 Qg6 17. g4 O-O-O 18.
Bh3 Rh4 19. Kg2 Qg5 20. Rh1 N7g6 21. Kf1 Nf4 22. Qd2 Rdh8 23. Bg2 Rxh1+ 24. Bxh1 Nxg4 25.
Bf3 Nh2+ 0-1

[Event "Late-Titled-Tuesday-Blitz-August-29-2023"]
[Site "Chess.com"]
[Date "2023.08.29"]
[Round "2"]
[White "Onthequiet"]
[Black "crossingthestreet"]
[Result "0-1"]
[WhiteElo "2374"]
[BlackElo "2529"]
[TimeControl "180+1"]
[EndTime "14:15:47 PDT"]
[Termination "crossingthestreet won by resignation"]

1. d4 a6 2. Nf3 b5 3. g3 Bb7 4.
Bg2 e6 5. O-O Nf6 6. b3 c5 7.
Bb2 cxd4 8. Nxd4 Bxg2 9. Kxg2 Be7 10. Nd2 O-O 11. c4 Nc6 12. Rc1 Qb6 13. N2f3 Qb7 14.
Kg1 bxc4 15. Rxc4 Rfc8 16. Qa1 d5 17. Rxc6 Rxc6 18. Nxc6 Qxc6 19. Rc1 Qb7 20. Ne5 Rc8 21. Nd3 h6 22. Rxc8+ Qxc8 23. Qc1 Qxc1+ 24. Bxc1 Ne4 25. Bb2 f6 26. f3 Nc5 27. Nxc5 Bxc5+ 28. Kf1 e5 29. h4 h5 30. Bc1 Kf7 31. g4 g6 32. Bd2 f5 33. g5 Ke6 34. b4 Bb6 35. a4 e4 36. Bf4 d4 37. Ke1 Kd5 38. Kd1 Kc4 39. b5 a5 0-1

[Event "Late-Titled-Tuesday-Blitz-August-29-2023"]
[Site "Chess.com"]
[Date "2023.08.29"]
[Round "2"]
[White "szachmistrz2500"]
[Black "jinxy2009"]
[Result "0-1"]
[WhiteElo "2490"]
[BlackElo "2351"]
[TimeControl "180+1"]
[EndTime "14:15:59 PDT"]
[Termination "jinxy2009 won by resignation"]

1. Nf3 d5 2. g3 Nf6 3. Bg2 e6 4.
O-O Be7 5. d3 O-O 6. Nbd2 c5 7.
e4 Nc6 8. Re1 Qc7 9. Qe2 b5 10.
e5 Nd7 11. Nf1 b4 12. h4 Bb7 13. h5 h6 14. Bf4 Rfc8 15. N1h2 a5 16. Ng4 Bf8 17. Qd2 Qd8 18. Bxh6 gxh6 19. Nxh6+ Bxh6 20.
Qxh6 Qf8 21. Qf4 Nd4 22. Rac1 Nxf3+ 23. Bxf3 Qg7 24. Kg2 Rab8 25. g4 d4 26. g5 Bxf3+ 27. Kxf3 c4 28. Qxd4 Nb6 29. Kg4 cxd3 30. cxd3 Rd8 31.
Qe4 Nd5 32. Rc5 f5+ 33. exf6 Nxf6+ 0-1

[Event "Late-Titled-Tuesday-Blitz-August-29-2023"]
[Site "Chess.com"]
[Date "2023.08.29"]
[Round "2"]
[White "cassoulet"]
[Black "krucki03"]
[Result "1-0"]
[WhiteElo "2731"]
[BlackElo "2408"]
[TimeControl "180+1"]
[EndTime "14:16:07 PDT"]
[Termination "cassoulet won by resignation"]

1. d4 Nf6 2. Bg5 g6 3. Bxf6 exf6 4. Nf3 Bg7 5. g3 O-O 6. Bg2 f5 7. O-O Qf6 8. Nbd2 f4 9. c3 fxg3 10. fxg3 d6 11. e4 Bg4 12. Qb3 Bc8 13. e5 Qe7 14.
Rae1 Nc6 15. exd6 Qxd6 16. Ne4 Qd8 17. Nfg5 Qe7 18. Nf6+ Qxf6 19. Rxf6 Bxf6 20. Nxf7 Rxf7 21. Bd5 Nd8 22. Re8+ Kg7 23. Rxd8 Bxd8 24. Bxf7 Bf5 25. Qxb7 Rc8 26. Bc4 Bg5 27. Qd5 Rf8 28. g4 Be3+ 29. Kg2 Bxg4 30. Qe5+ Rf6 31. Qe7+ 1-0

[Event "Late-Titled-Tuesday-Blitz-August-29-2023"]
[Site "Chess.com"]
[Date "2023.08.29"]
[Round "2"]
[White "bazar-wokzal"]
[Black "NovikovaGalina"]
[Result "0-1"]
[WhiteElo "2573"]
[BlackElo "2411"]
[TimeControl "180+1"]
[EndTime "14:16:09 PDT"]
[Termination "NovikovaGalina won by checkmate"]

1. e4 e6 2. c4 d5 3. cxd5 exd5 4.
Qb3 Nf6 5. e5 Ne4 6. d4 Be7 7.
g3 c5 8. Bb5+ Nc6 9. Ne2 O-O 10.
Bxc6 bxc6 11. f3 Ng5 12. O-O Ba6 13. Nbc3 cxd4 14. Nxd4 Bc5 15. Be3 Ne6 16. Rfd1 Nxd4 17. Bxd4 Bxd4+ 18. Rxd4 Rb8 19. Qc2 Qb6 20. Rd1 Qxb2 21.
Qxb2 Rxb2 22. Ra4 Be2 23. Nxe2 Rxe2 24. f4 Rb8 25. Rxa7 h5 26. Rc7 Rbb2 27. Rxc6 Rg2+ 28.
Kf1 Rxh2 29. Kg1 Rbg2+ 30. Kf1 Rxa2 31. Kg1 Rag2+ 32. Kf1 Rxg3 33. Rxd5 Ra3 34. Kg1 Rb2 35. Rd1 h4 36. f5 h3 37. e6 Rg3+ 38. Kh1 Rgg2 39.
Rc8+ Kh7 40. Rc3 Rh2+ 41. Kg1 Rbg2+ 42. Kf1 Rh1# 0-1

[Event "Late-Titled-Tuesday-Blitz-August-29-2023"]
[Site "Chess.com"]
[Date "2023.08.29"]
[Round "2"]
[White "jcmesafischer"]
[Black "MikeSailer"]
[Result "1-0"]
[WhiteElo "2451"]
[BlackElo "2162"]
[TimeControl "180+1"]
[EndTime "14:16:12 PDT"]
[Termination "jcmesafischer won by resignation"]

1. Nf3 e6 2. g3 f5 3. Bg2 Nf6 4. d4 Be7 5. c4 O-O 6. Nc3 c6 7. d5 d6 8. dxe6 Bxe6 9. b3 a5 10. O-O Qc7 11. Nd4 Bc8 12. Qc2 g6 13. Bh6 Re8 14. Rfe1 Na6 15. h3 Nb4 16. Qd2 Bd7 17.
Kh2 Bf8 18. Bxf8 Rxf8 19. Rad1 Rad8 20. a3 Na6 21. Na4 Bc8 22. b4 axb4 23. axb4 Ne4 24. Qb2 Rfe8 25. e3 h5 26. h4 Re7 27. Ne2 Kh7 28.
f3 Nf6 29. Qxf6 1-0

[Event "Late-Titled-Tuesday-Blitz-August-29-2023"]
[Site "Chess.com"]
[Date "2023.08.29"]
[Round "2"]
[White "Macron20hTF1"]
[Black "h4parah5"]
[Result "0-1"]
[WhiteElo "2622"]
[BlackElo "2974"]
[TimeControl "180+1"]
[EndTime "14:16:15 PDT"]
[Termination "h4parah5 won by resignation"]

1. Nf3 c5 2. e4 Nc6 3. Bc4 e6 4.
O-O Nf6 5. Re1 Nxe4 6. Rxe4 d5 7. Bxd5 Qxd5 8. Nc3 Qd8 9. d4 Be7 10. d5 exd5 11. Qxd5 Be6 12. Rxe6 fxe6 13. Qxe6 Qd7 14. Qxd7+ Kxd7 15. Be3 Rad8 16. Ne4 b6 17. g3 h6 18.
c3 Rhe8 19. a4 Kc7 20. Kg2 Kb7 21. Ned2 Na5 22. h4 Bf6 23. Rc1 Rd5 24. b4 cxb4 25. cxb4 Nc6 26. b5 Nb4 27. Rc4 Nd3 28.
Ne4 Be7 29. Nd4 Nb2 30. Rc2 Nxa4 31. Nc6 Bf8 32. f3 Rxb5 33. Bf4 Rb2 34. Rxb2 Nxb2 35. Nb4 Bxb4 0-1